 Dungeon Crawl Stone Soup version 0.19-a0-1153-g63c3caf (webtiles) character file.

100 TRIGGERED the Skirmisher (level 4, -2/37 HPs)
             Began as a Mummy Berserker on Aug 13, 2016.
             Was a Believer of Trog.
             Slain by Robin
             ... wielding a +0 trident
              (6 damage)
             ... on level 3 of the Dungeon.
             The game lasted 00:03:01 (1969 turns).

TRIGGERED the Skirmisher (Mummy Berserker)          Turns: 1969, Time: 00:03:02

Health: -2/37      AC:  5    Str: 20    XL:     4   Next: 47%
Magic:  4/4        EV:  8    Int:  6    God:    Trog [**....]
Gold:   101        SH:  7    Dex: 12    Spells: 0 memorised, 3 levels left

rFire  x . .     SeeInvis .     a - +0 falchion
rCold  + . .     Gourm    .     c - +0 ring mail
rNeg   + + +     Faith    .     f - +0 shield
rPois  ∞         Spirit   .     (no helmet)
rElec  .         Dismiss  .     (no cloak)
rCorr  .         Reflect  .     (no gloves)
MR     .....     Harm     .     (no boots)
Stlth  +.........               (no amulet)
                                (no ring)
                                (no ring)

@: no status effects
A: no food or potions, fire vulnerability, cold resistance 1, negative energy
resistance 3, torment resistance, unbreathing
a: Trog's Hand, Burn Spellbooks, Renounce Religion


You were on level 3 of the Dungeon.
You worshipped Trog.
Trog was pleased with you.
You were not hungry.

You visited 1 branch of the dungeon, and saw 3 of its levels.

You collected 101 gold pieces.

Inventory:

Hand Weapons
 a - a +0 falchion (weapon)
Armour
 c - a +0 ring mail (worn)
 f - a +0 shield (worn)
Scrolls
 b - a scroll of recharging
 d - a scroll of remove curse {unknown}
 e - a scroll of enchant weapon {unknown}
 g - a scroll of identify


   Skills:
 + Level 4.0 Fighting
 + Level 3.8 Long Blades
 - Level 1.5 Armour
 - Level 1.5 Dodging


You had 3 spell levels left.
You didn't know any spells.

Dungeon Overview and Level Annotations

Branches:
Dungeon (3/15)

Altars:
Dithmenos

Annotations:
D:3 Robin


Innate Abilities, Weirdness & Mutations

You do not eat or drink.
Your flesh is vulnerable to fire.
You are immune to poison.
Your flesh is cold resistant. (rC+)
You are immune to negative energy. (rN+++)
You are immune to unholy pain and torment.
You can survive without breathing.


Message History

The goblin is moderately wounded.
The goblin hits you but does no damage.
Robin hits you from afar with a trident!
You closely miss the goblin.
The goblin is moderately wounded.
The goblin hits you with a dagger.
* * * LOW HITPOINT WARNING * * *
Robin hits you from afar with a trident.
* * * LOW HITPOINT WARNING * * *
The goblin butts you with a dagger.
* * * LOW HITPOINT WARNING * * *
Okay, then.
Unknown command.
Unknown command.
As you read the scroll labeled MAGEM PIZIMIORCH, it crumbles to dust.
It is a scroll of identify.
b - a scroll of butt The hobgoblin no longer butts unusually strong.
Robin hits you from afar with a trident.
You die...

############
#..........#
#.########.#
#.#<#@.gg#.# #####
#.#.#g##.#.#
#..!#######.#....#.#.#
##...##......######)#.#
......'..>..ggggg..g#.#
#.....#.....#########.#
#.###.####### #.....#
#.# #.# #.##### #.# #.#
#.#


You could see Robin, a hobgoblin and a goblin.

Vanquished Creatures
  2 adders (D:2)
  2 oozes
  2 worms (D:2)
  4 dart slugs
  4 giant geckos
  3 bats
  A giant cockroach (D:1)
  13 goblins
  7 hobgoblins
  A quokka (D:3)
  4 giant newts
  7 kobolds
  7 rats
57 creatures vanquished.

Notes
Turn   | Place    | Note
-------+----------+-------------------------------------------
     0 | D:1      | TRIGGERED the Mummy Berserker began the quest for the Orb.
     0 | D:1      | Reached XP level 1. HP: 18/18 MP: 1/1
    75 | D:1      | Reached XP level 2. HP: 8/24 MP: 2/2
   754 | D:1      | Reached XP level 3. HP: 29/29 MP: 3/3
  1026 | D:2      | Reached ** piety under Trog
  1336 | D:2      | Reached XP level 4. HP: 37/37 MP: 4/4
  1530 | D:2      | Found a shadowy altar of Dithmenos.
  1887 | D:3      | Noticed Robin
  1964 | D:3      | Reached skill level 4 in Fighting
  1969 | D:3      | Slain by Robin

Vault maps used:
D:1:      mushboom_english_gardens, hangedman_decor_peaks_small
D:2:      lemuel_round_altar, first_bread
D:3:      tgw_sif, uniq_robin

Skill      XL: |  1  2  3  4 |
---------------+-------------+-----
Long Blades    | 3 |  3.8
Fighting       | 4 |  4.0
Armour         | |  1.5
Dodging        | |  1.5

Action                   |  1- 3 |  4- 6 || total
-------------------------+-------+-------++-------
Melee: Falchion          |   136 |    88 ||   224
Invok: Trog's Hand       |       |     1 ||     1
  Use: Scroll            |       |     1 ||     1
Armor: Animal skin       |     3 |       ||     3
       Ring mail         |    31 |    29 ||    60
Dodge: Dodged            |    58 |    18 ||    76
Block: Shield            |       |    39 ||    39
